AoeStats
← Dad16456

Coastal Forest

510397137Analyzed
2v2 RM · 1d ago on Sep 30, 2026· 95m 31s· 4 players
Game mode
Random Map
Map size
Medium (4 player)
Population
200
Speed
Normal
Resources
Standard
Victory
Conquest
Starting age
Dark Age
Ending age
Imperial Age
RankedLock teamsTeams togetherTeam positionsShared explorationLock speedFull tech treeHidden civsTurbo modeCheats
Victory
Defeat
🇳🇱 Koreans · Netherlands
861
+16
🇳🇱 Spanish · Netherlands
788
+19
🇬🇧 Malay · United Kingdom
867
-18
🇷🇺 Slavs · Russia
856
-17
Mannschaft Marnix
13:59 Feudal Age
18:55 Castle Age
17:31 Fishing Lines
18:01 Double-Bit Axe
19:49 Medium Warships
19:31 Gillnets
20:41 Gillnets
21:28 Stone Mining
22:28 Bow Saw
25:16 Wheelbarrow
29:25 Hand Cart
32:21 Gold Mining
33:13 Stone Shaft Mining
37:22 Imperial Age
34:52 Loom
36:38 Ballistics
36:15 Murder Holes
36:31 Fortified Wall
37:20 Scale Mail Armor
37:30 Forging
37:14 Fletching
37:34 Thumb Ring
36:51 Elite Skirmisher
36:52 Crossbowman
37:52 Eupseong
38:51 Arbalester
40:09 Elite Fire Lancer
40:39 Cavalier
42:26 Two-Man Saw
45:14 Elite War Wagon
46:29 Scale Barding Armor
46:34 Forging
46:24 Scale Mail Armor
47:31 Husbandry
51:05 Coinage
50:49 Squires
51:33 Iron Casting
51:13 Chain Mail Armor
51:20 Chain Barding Armor
53:10 Pikeman
54:27 Halberdier
68:02 Plate Mail Armor
67:28 Bodkin Arrow
69:58 Siege Engineers
70:54 Chemistry
90:24 Heavy Warships
90:52 Careening
90:55 Clinker Construction
91:07 Shipwright
90:55 Siphons
92:24 Spies/Treason
Big papi Nelis
12:17 Feudal Age
13:11 Double-Bit Axe
19:34 Horse Collar
22:26 Wheelbarrow
26:11 Castle Age
25:12 Stone Mining
25:14 Gold Mining
29:00 Hand Cart
29:11 Hand Cart
29:13 Bow Saw
32:16 Imperial Age
32:13 Padded Archer Armor
35:34 Stone Shaft Mining
38:05 Conscription
37:06 Elite Conquistador
38:57 Clinker Construction
44:45 Husbandry
44:56 Bloodlines
52:08 Two-Man Saw
89:19 Spies/Treason
Dad16456
11:00 Feudal Age
11:29 Wheelbarrow
10:43 Double-Bit Axe
13:00 Loom
19:26 Castle Age
18:29 Stone Mining
18:32 Gold Mining
19:21 Hand Cart
25:20 Bow Saw
26:47 Town Watch
29:51 Forging
32:40 Imperial Age
32:16 Iron Casting
31:29 Elite Karambit Warrior
32:30 Conscription
32:23 Scale Barding Armor
34:12 Gold Shaft Mining
35:34 Blast Furnace
33:59 Capped Ram
35:50 Horse Collar
37:33 Husbandry
41:08 Elite Battle Elephant
41:09 Light Cavalry
43:10 Squires
42:56 Arson
47:48 Fletching
47:59 Padded Archer Armor
48:22 Heavy Plow
49:18 Forced Levy
52:32 Man-at-Arms
53:13 Long Swordsman
57:23 Two-Handed Swordsman
61:22 Ballistics
60:58 Murder Holes
65:22 Pikeman
68:19 Halberdier
Mko
12:18 Feudal Age
13:59 Wheelbarrow
16:48 Castle Age
16:26 Double-Bit Axe
16:24 Fishing Lines
16:50 Horse Collar
18:04 Horse Collar
18:20 Gillnets
23:28 Bow Saw
24:29 Loom
26:23 Detinets
29:13 Hand Cart
31:47 Fortified Wall
31:33 Murder Holes
31:36 Gold Mining
36:22 Imperial Age
36:15 Scale Barding Armor
36:20 Forging
37:24 Conscription
38:00 Elite Boyar
39:23 Horse Collar
40:22 Gold Shaft Mining
39:39 Stone Mining
41:31 Iron Casting
41:22 Chain Barding Armor
43:56 Ballistics
46:20 Druzhina
47:48 Blast Furnace
47:24 Plate Barding Armor
47:51 Capped Ram
59:15 Elite Skirmisher
81:02 Medium Warships
82:19 Heavy Warships
84:21 Chemistry
86:19 Padded Archer Armor
86:09 Fletching
85:44 Heavy Cavalry Archer
86:30 Heavy Cavalry Archer
Connection lost

Rejoining the realm…

Still unreachable

The connection could not be restored.

Session expired

The server has moved on; the page needs a fresh start.